Map: Ley Lines

Players

Geralt (Gerald) - Winner!

  • Race: Protoss Protoss
  • League: Master
  • Spawn Location: 7:00

Lambo

  • Race: Zerg Zerg
  • Spawn Location: 1:00

Event: FEL Cracov 2025

VOD

Have the link to the VOD?

Description

Time

  • Played on: July 27, 2025, 10:13 a.m.
  • Length: 13:00

All games in this series

Show
View Real Time Build Order
Export as new Build Order

Geralt Protoss - Winner!

Build Orders: 1 Gate Expand, Oracle Opening, Zealot Archon 

Get SALT Encoding   

  12  0:00  Probe  
  13  0:12  Probe  
  14  0:19  Pylon  
  14  0:24  Probe  
  15  0:34  Probe  
  15  0:39  Gateway  
  15  0:42  Probe  
  16  0:49  Assimilator  
  17  0:52  Probe  
  18  1:04  Probe  
  19  1:16  Probe  
  20  1:26  Nexus  
  20  1:28  Probe  
  21  1:38  Cybernetics Core  
  21  1:41  Probe  
  21  1:47  Assimilator  
  22  1:53  Pylon  
  22  1:55  Probe  
  23  2:05  Adept  
  23  2:11  Probe  
  26  2:22  Stargate  
  26  2:23  Probe  
  26  2:26  Adept  
  29  2:38  Warp Gate, Probe  
  29  2:39  Probe  
  31  2:51  Probe  
  32  2:52  Probe  
  32  2:55  Adept  
  35  2:59  Oracle  
  35  3:03  Probe  
  35  3:04  Probe, Pylon  
  40  3:15  Probe  
  40  3:16  Probe  
  42  3:27  Probe  
  42  3:28  Probe  
  42  3:33  Nexus  
  44  3:39  Probe  
  45  3:43  Oracle  
  45  3:46  Pylon  
  45  3:47  Probe  
  49  3:51  Probe  
  50  3:56  Twilight Council  
  50  4:00  Forge  
  50  4:02  Probe  
  51  4:07  Probe  
  52  4:14  Probe  
  53  4:19  Probe  
  53  4:24  Assimilator  
  54  4:28  Assimilator  
  54  4:29  Gateway  
  54  4:30  Gateway  
  54  4:32  Probe x2, Pylon  
  56  4:43  Adept  
  56  4:44  Probe x2  
  60  4:52  Probe x2  
  60  4:53  Probe  
  60  4:58  Protoss Ground Weapons Level 1, Blink  
  63  5:00  Probe  
  63  5:01  Probe x2  
  66  5:10  Probe  
  66  5:12  Probe x2  
  69  5:18  Templar Archives, Assimilator  
  69  5:21  Stalker  
  71  5:22  Probe  
  71  5:24  Probe x2  
  71  5:26  Pylon  
  74  5:30  Gateway  
  74  5:34  Probe  
  74  5:35  Stalker x2  
  79  5:36  Probe x2  
  81  5:43  Shield Battery  
  81  5:46  Probe  
  81  5:48  Probe x2  
  84  5:52  Stalker  
  84  5:53  Psionic Storm  
  84  5:56  Gateway  
  82  5:58  Probe  
  82  6:00  Gateway x2, Probe x2  
  82  6:02  Assimilator  
  81  6:05  High Templar  
  81  6:07  Pylon  
  81  6:11  Probe, Pylon  
  84  6:12  Pylon  
  84  6:20  Stalker x2  
  88  6:26  Nexus  
  88  6:31  Pylon  
  88  6:34  Probe  
  88  6:35  Stalker  
  88  6:36  Probe  
  88  6:38  Photon Cannon  
  92  6:44  Stalker x3  
  98  6:48  Probe x2  
  98  6:49  Probe  
  98  6:50  Charge  
  101  6:55  Photon Cannon  
  101  6:56  Shield Battery  
  101  6:57  High Templar x2  
  101  6:59  Photon Cannon  
  105  7:02  Probe  
  105  7:03  Archon  
  105  7:05  Probe x2  
  108  7:14  Probe  
  109  7:17  Probe x2, Protoss Ground Weapons Level 2  
  109  7:18  Stalker x4  
  119  7:26  Probe  
  119  7:29  Probe x2  
  122  7:38  Probe  
  122  7:41  Probe  
  122  7:42  Assimilator  
  122  7:43  Fleet Beacon  
  124  7:44  Stargate  
  124  7:45  Assimilator, Stalker  
  124  7:46  Probe  
  124  7:48  Pylon  
  124  7:49  Photon Cannon  
  127  7:56  Probe  
  128  7:59  Probe  
  128  8:01  Photon Cannon  
  128  8:03  Probe  
  130  8:06  Probe  
  130  8:07  Pylon  
  130  8:11  High Templar, Stalker x2  
  130  8:12  Stalker x2  
  141  8:13  Zealot x2  
  141  8:16  Photon Cannon  
  141  8:17  Photon Cannon  
  143  8:35  Pylon  
  143  8:36  Stalker x4  
  143  8:38  Pylon  
  143  8:39  Tempest  
  153  8:42  Stalker  
  153  8:45  Archon  
  155  8:50  Stalker  
  155  8:51  Tempest  
  153  8:57  Stalker  
  153  8:58  Probe x2  
  153  9:02  Gateway  
  151  9:06  Gateway  
  151  9:09  Zealot x4  
  148  9:17  Probe  
  148  9:20  Cybernetics Core  
  148  9:22  Tempest, High Templar, Zealot  
  145  9:34  Tempest  
  143  9:41  Zealot  
  138  9:50  Zealot x4  
  134  9:56  Protoss Ground Weapons Level 3  
  134  9:58  Probe  
  135  10:00  Tempest  
  135  10:04  Gateway  
  139  10:08  Photon Cannon  
  139  10:09  Photon Cannon, Shield Battery  
  139  10:11  Zealot x7, Gateway  
  139  10:12  Pylon  
  153  10:25  Tempest  
  153  10:26  Pylon  
  153  10:28  Pylon  
  153  10:30  Pylon  
  153  10:32  High Templar, Stalker  
  153  10:33  Stalker x5  
  157  10:37  Tempest  
  157  10:42  Photon Cannon  
  157  10:44  Photon Cannon, Shield Battery  
  161  10:51  Probe  
  163  11:01  High Templar x2  
  163  11:02  Nexus  
  163  11:03  Pylon  
  174  11:08  Tempest  
  174  11:09  Probe, Mothership  
  179  11:12  Pylon  
  179  11:19  Zealot x4  
  179  11:21  Tempest  
  179  11:24  Photon Cannon  
  191  11:25  Shield Battery  
  191  11:26  Stalker  
  191  11:27  Stalker x3  
  191  11:31  Probe  
  192  11:34  Photon Cannon  
  192  11:35  Shield Battery  
  192  11:40  Photon Cannon  
  192  11:44  Stalker x3  
  196  12:01  Zealot x2  
  198  12:11  High Templar, Stalker x2  
  200  12:22  Stalker  
  196  12:34  Zealot x2  
  195  12:47  Zealot x2  
  179  12:59  Archon  
Show
View Real Time Build Order
Export as new Build Order

Lambo Zerg 

Build Orders: Hatch First 

Get SALT Encoding   

  12  0:00  Drone  
  13  0:08  Drone  
  14  0:15  Extractor, Drone  
  15  0:21  Overlord  
  15  0:40  Drone  
  16  0:46  Hatchery  
  16  0:49  Drone  
  16  0:53  Drone  
  16  0:56  Drone  
  18  1:08  Extractor  
  17  1:12  Spawning Pool  
  17  1:15  Drone  
  17  1:19  Drone  
  18  1:26  Drone  
  19  1:37  Drone  
  20  1:48  Drone  
  21  2:00  Queen x2  
  25  2:02  Zergling x2  
  25  2:03  Overlord  
  26  2:11  Zergling x2  
  26  2:14  Drone  
  28  2:16  Metabolic Boost  
  28  2:22  Drone x2  
  30  2:30  Drone  
  30  2:31  Drone  
  32  2:38  Hatchery  
  31  2:47  Queen  
  32  2:51  Overlord  
  32  2:53  Zergling x2  
  32  2:55  Zergling x2  
  34  3:09  Zergling x2  
  34  3:10  Drone x5  
  40  3:13  Drone x2  
  40  3:14  Drone  
  43  3:20  Evolution Chamber  
  42  3:30  Drone  
  42  3:33  Overlord  
  43  3:36  Spore Crawler  
  42  3:43  Drone, Overlord  
  43  3:50  Spore Crawler, Drone  
  43  3:51  Drone x6  
  43  3:53  Queen  
  51  3:56  Drone  
  51  4:01  Queen  
  54  4:04  Extractor, Drone  
  54  4:07  Drone  
  54  4:08  Drone  
  56  4:14  Drone x2  
  58  4:17  Drone x3  
  58  4:21  Overlord  
  58  4:23  Drone x2  
  63  4:25  Drone  
  63  4:27  Drone  
  65  4:33  Overlord  
  65  4:39  Overlord  
  65  4:44  Lair  
  65  4:45  Roach Warren  
  64  4:50  Drone x5  
  67  4:54  Drone x3  
  67  4:56  Drone x2  
  67  4:59  Zergling x4  
  74  5:02  Drone x3  
  74  5:05  Drone x2  
  77  5:09  Drone x2  
  74  5:19  Drone x5  
  79  5:22  Extractor  
  79  5:24  Extractor  
  77  5:30  Zergling x12  
  77  5:34  Hatchery  
  82  5:37  Extractor  
  82  5:39  Extractor, Queen  
  82  5:40  Overlord  
  82  5:45  Overlord  
  81  5:55  Roach x5, Glial Reconstitution  
  89  5:57  Drone  
  89  6:01  Evolution Chamber, Drone x4  
  93  6:05  Drone x3  
  93  6:08  Drone x2  
  98  6:14  Roach x3  
  104  6:22  Pneumatized Carapace  
  103  6:25  Overlord  
  103  6:27  Spore Crawler  
  103  6:30  Roach  
  103  6:31  Overlord  
  104  6:33  Zerg Missile Weapons Level 1, Overlord  
  104  6:34  Overlord x2  
  104  6:35  Overlord  
  104  6:36  Extractor  
  104  6:38  Overlord  
  103  6:40  Overlord  
  103  6:42  Roach  
  107  6:47  Drone x3  
  107  6:51  Drone x3  
  107  6:52  Extractor, Drone x3  
  107  6:54  Drone x2  
  114  6:55  Roach  
  114  7:00  Roach x2  
  120  7:02  Roach x2  
  120  7:08  Spore Crawler  
  123  7:09  Roach x3  
  123  7:13  Roach x2  
  133  7:20  Roach  
  133  7:21  Roach x4  
  141  7:23  Overlord  
  141  7:24  Roach  
  141  7:25  Roach  
  141  7:26  Overlord  
  145  7:30  Overlord  
  145  7:32  Roach x2  
  145  7:36  Roach x3  
  151  7:39  Roach x2  
  151  7:44  Roach x3, Ravager x3  
  161  7:50  Roach x3  
  170  7:51  Ravager x5  
  170  7:57  Zergling x2  
  170  7:58  Zergling x10, Overlord  
  181  8:07  Ravager x3  
  181  8:08  Overlord  
  181  8:11  Overlord  
  181  8:14  Ravager x3  
  184  8:21  Ravager  
  184  8:23  Zergling x22  
  190  8:30  Ravager x5  
  190  8:31  Zergling x12  
  198  8:34  Ravager x2  
  198  8:45  Ravager x8  
  198  8:47  Roach x2  
  196  8:50  Queen  
  196  8:51  Queen  
  196  8:53  Roach x4  
  197  9:02  Roach x5  
  199  9:04  Roach  
  199  9:05  Roach  
  199  9:08  Queen  
  199  9:09  Queen  
  198  9:15  Roach x5  
  194  9:21  Roach x4  
  185  9:32  Roach x8  
  185  9:35  Roach x2  
  186  9:42  Roach x4  
  186  9:45  Roach x2  
  174  9:47  Zergling x2  
  174  9:52  Roach  
  150  9:59  Spire  
  137  10:06  Drone x3, Infestation Pit  
  137  10:10  Zerg Melee Weapons Level 1, Zergling x14  
  144  10:14  Ravager  
  144  10:15  Ravager  
  144  10:16  Zergling x2, Hatchery  
  144  10:17  Zergling x2  
  147  10:24  Roach x4  
  147  10:26  Ravager  
  147  10:27  Ravager  
  147  10:28  Roach x5  
  167  10:31  Roach x2  
  167  10:37  Roach x3  
  173  10:44  Hive  
  173  10:50  Overlord  
  173  11:03  Drone x4  
  173  11:04  Drone x8, Evolution Chamber, Hydralisk Den  
  180  11:09  Spine Crawler  
  182  11:14  Corruptor x4  
  182  11:17  Corruptor  
  186  11:20  Corruptor  
  188  11:26  Corruptor  
  188  11:31  Corruptor x3  
  194  11:37  Lurker Den  
  194  11:38  Extractor  
  194  11:39  Extractor  
  191  11:45  Drone  
  191  11:46  Muscular Augments  
  192  11:49  Corruptor  
  192  11:53  Hatchery  
  193  11:57  Corruptor x2  
  195  12:11  Overlord  
  195  12:17  Hatchery  
  195  12:21  Overlord  
  191  12:27  Hydralisk x3  
  191  12:29  Hydralisk x6  
Tags
 
Add a new tag
Caveats
  • Supply blocks, unpowered buildings, or Contaminate may cause inaccurate times.
  • Supply counts are checked every 10 seconds.